Map: Odyssey LE

Players

SeuCucaEeu - Winner!

  • Race: Zerg Zerg
  • League: Gold
  • Spawn Location: 11:00

Juxtapose

  • Race: Protoss Protoss
  • League: Gold
  • Spawn Location: 5:00

VOD

https://youtu.be/ASK3vOlvdJU

Description

I've never understood why some players get miffed when, as a Random player, you don't tell them your Race; especially because they find out like a minute later with the scouting worker regardless.

Anyway, this was an excellent learning match. I decided to try using Archons and High Templar for the first time in Multiplayer ever to see how I liked the feel of them, and while I thought Archons were okay I was not so keen on the High Templar; too hard for me to use at my skill level thus far.

What did me in though was my lack of scouting. My opponent was greedy very earlier, and it paid off because of my laziness. Had I seen those mass Mutalisks coming, I still would have tried with High Templar, but really I should have gone Phoenixes, etc.

I also did not know you could build a Hatchery, cancel, and then immediately after an Evolution Chamber like that; very clever.

My opponent really did a well played match, so hats off to him.

Time

  • Played on: Aug. 21, 2017, 7:26 p.m.
  • Length: 16:29
Show
View Real Time Build Order
Export as new Build Order

SeuCucaEeu Zerg - Winner!

Build Orders: Pool First 

Get SALT Encoding   

  12  0:01  Drone  
  13  0:10  Drone  
  14  0:15  Extractor  
  14  0:20  Drone  
  14  0:25  Extractor  
  14  0:26  Drone  
  16  0:30  Overlord  
  16  0:49  Drone x2  
  18  0:57  Drone  
  18  0:58  Extractor  
  18  1:02  Spawning Pool  
  17  1:06  Drone  
  18  1:23  Drone  
  19  1:35  Drone  
  20  1:55  Zergling x4  
  20  1:56  Hatchery  
  20  1:59  Extractor, Queen  
  20  2:01  Overlord  
  23  2:21  Hatchery  
  22  2:24  Evolution Chamber  
  22  2:27  Drone x2  
  24  2:32  Drone  
  24  2:34  Metabolic Boost  
  25  2:42  Spore Crawler  
  24  2:49  Drone, Extractor  
  24  2:53  Lair  
  24  2:59  Drone  
  25  3:09  Drone x3  
  25  3:10  Drone  
  29  3:23  Drone  
  29  3:24  Drone, Queen  
  33  3:52  Hatchery  
  33  3:53  Drone x3  
  35  3:57  Spore Crawler  
  34  4:07  Drone  
  35  4:12  Roach Warren  
  35  4:16  Spire  
  33  4:23  Drone x3  
  36  4:27  Overlord  
  36  4:32  Overlord  
  37  4:52  Drone  
  37  4:53  Drone x4  
  41  5:01  Extractor  
  41  5:05  Drone, Queen  
  43  5:09  Extractor  
  42  5:14  Drone x4  
  42  5:20  Drone  
  47  5:24  Extractor  
  47  5:27  Drone x6  
  47  5:28  Drone x2  
  53  5:34  Spore Crawler  
  53  5:35  Zerg Flyer Weapons Level 1  
  53  5:38  Overseer  
  53  5:53  Mutalisk x2  
  57  5:59  Overlord x4  
  57  6:18  Mutalisk x8  
  73  6:26  Drone x2  
  73  6:27  Drone x5  
  80  6:34  Mutalisk x2  
  84  6:48  Mutalisk x2  
  88  7:02  Pneumatized Carapace  
  88  7:04  Drone  
  88  7:05  Drone  
  88  7:07  Hatchery, Drone  
  90  7:08  Overlord x3  
  90  7:09  Overlord x2  
  90  7:29  Mutalisk  
  90  7:30  Mutalisk x4  
  100  7:42  Baneling Nest  
  99  7:55  Mutalisk x2  
  99  7:56  Mutalisk  
  103  8:11  Evolution Chamber  
  103  8:12  Evolution Chamber  
  99  8:42  Mutalisk x5  
  99  8:43  Mutalisk  
  111  8:50  Drone x3, Queen  
  114  9:41  Roach  
  114  9:42  Roach x10  
  133  10:01  Zerg Missile Weapons Level 1, Zerg Ground Armor Level 1  
  133  10:02  Hydralisk Den  
  132  10:10  Overlord x4  
  132  10:11  Overlord x4  
  132  10:42  Hatchery  
  132  10:49  Hatchery  
  130  10:51  Muscular Augments, Evolution Chamber  
  130  10:52  Hydralisk  
  130  10:53  Roach x3, Hydralisk x7  
  130  10:54  Roach x7, Hydralisk x4  
  130  10:55  Roach x2  
  177  11:05  Infestation Pit  
  137  12:06  Drone x6  
  137  12:07  Drone x2  
  145  12:09  Queen  
  145  12:15  Drone x4  
  151  12:17  Drone x2  
  151  12:18  Drone  
  151  12:21  Drone x2, Extractor x2  
  151  12:22  Queen  
  154  12:26  Zerg Missile Weapons Level 2  
  154  12:27  Zerg Ground Armor Level 2, Zerg Melee Weapons Level 1  
  156  12:32  Pathogen Glands  
  174  12:45  Burrow  
  174  12:48  Drone x2  
  176  12:59  Overlord x2  
Show
View Real Time Build Order
Export as new Build Order

Juxtapose Protoss 

Build Orders: Zealot Archon 

Get SALT Encoding   

  12  0:01  Probe (Chrono Boost)  
  13  0:12  Probe (Chrono Boost)  
  14  0:21  Pylon  
  14  0:22  Probe (Chrono Boost)  
  15  0:39  Probe (Chrono Boost)  
  15  0:41  Gateway  
  17  0:50  Probe (Chrono Boost)  
  17  0:53  Assimilator  
  17  0:59  Pylon  
  17  1:04  Probe (Chrono Boost)  
  18  1:13  Assimilator  
  18  1:15  Probe (Chrono Boost)  
  19  1:26  Probe (Chrono Boost)  
  19  1:28  Zealot  
  22  1:46  Cybernetics Core  
  22  1:51  Probe (Chrono Boost)  
  23  2:01  Probe (Chrono Boost)  
  23  2:04  Zealot  
  26  2:09  Pylon  
  26  2:12  Probe (Chrono Boost)  
  26  2:14  Pylon  
  28  2:23  Probe (Chrono Boost)  
  28  2:25  Warp Gate  
  28  2:33  Mothership Core (Chrono Boost)  
  30  2:43  Robotics Facility  
  30  2:49  Twilight Council  
  30  3:10  Gateway  
  30  3:33  Pylon  
  30  3:35  Pylon  
  30  3:54  Zealot  
  32  4:03  Nexus  
  32  4:10  Zealot  
  32  4:13  Observer  
  32  4:14  Charge  
  32  4:15  Probe (Chrono Boost)  
  36  4:32  Pylon  
  35  4:45  Gateway  
  35  4:48  Pylon  
  35  4:50  Gateway  
  35  4:53  Probe (Chrono Boost)  
  36  5:00  Forge  
  36  5:04  Probe (Chrono Boost)  
  37  5:09  Zealot x2  
  41  5:14  Probe (Chrono Boost)  
  41  5:16  Probe (Chrono Boost)  
  43  5:25  Probe (Chrono Boost)  
  43  5:26  Probe (Chrono Boost)  
  45  5:37  Probe (Chrono Boost)  
  45  5:38  Probe (Chrono Boost)  
  47  5:43  Sentry x2  
  47  5:47  Probe (Chrono Boost)  
  47  5:49  Probe (Chrono Boost)  
  53  6:02  Zealot x2  
  57  6:06  Probe (Chrono Boost)  
  57  6:08  Probe (Chrono Boost)  
  57  6:09  Immortal  
  63  6:12  Protoss Ground Weapons Level 1  
  63  6:16  Assimilator  
  63  6:17  Probe (Chrono Boost)  
  63  6:18  Probe (Chrono Boost)  
  65  6:19  Assimilator  
  65  6:30  Templar Archives  
  65  6:34  Probe (Chrono Boost)  
  65  6:39  Pylon  
  66  6:45  Probe (Chrono Boost)  
  67  6:48  Pylon  
  67  6:51  Gateway  
  67  6:54  Pylon  
  67  6:55  Probe (Chrono Boost)  
  68  7:06  Probe (Chrono Boost)  
  69  7:08  High Templar x2  
  69  7:10  High Templar  
  75  7:33  High Templar  
  75  7:36  Probe  
  77  7:40  Archon  
  77  7:41  Archon  
  78  7:46  Probe  
  70  7:57  Probe  
  68  8:23  Photon Cannon  
  68  8:27  Photon Cannon  
  68  8:28  Probe  
  68  8:32  Photon Cannon  
  69  8:34  Stargate  
  69  8:38  Probe, Templar Archives  
  70  8:43  Photon Cannon  
  70  8:45  Stalker  
  70  8:46  Stalker x2  
  70  8:47  Stalker  
  70  8:48  Photon Cannon  
  78  8:49  Probe  
  78  8:53  Photon Cannon  
  79  8:59  Probe  
  71  9:13  Probe  
  72  9:24  Probe, Phoenix  
  71  9:34  Probe  
  72  9:45  Probe  
  72  9:48  Phoenix  
  72  9:49  Photon Cannon, Stalker x2  
  72  9:50  Stalker  
  81  9:55  Probe  
  82  10:05  Pylon  
  82  10:06  Probe  
  82  10:09  Pylon  
  82  10:11  Probe  
  82  10:12  Pylon  
  82  10:13  Phoenix  
  86  10:16  Psionic Storm  
  86  10:17  Probe  
  86  10:18  High Templar  
  89  10:21  Probe  
  89  10:27  Probe  
  90  10:32  Probe  
  92  10:38  Phoenix  
  92  10:40  Immortal  
  92  10:41  Probe  
  99  10:50  Protoss Ground Armor Level 1  
  99  10:52  Probe  
  100  11:03  Phoenix  
  102  11:19  Warp Prism  
  94  11:34  Zealot x3  
  94  11:35  Zealot  
  68  11:59  Stalker x3  
  68  12:00  Stalker  
  65  12:03  Immortal  
  65  12:04  Phoenix  
  71  12:25  High Templar x3  
  71  12:29  Phoenix  
  79  12:42  Immortal  
  83  12:44  Zealot  
  85  12:52  Nexus  
  85  12:54  Pylon, Phoenix  
  85  12:55  Protoss Ground Armor Level 2  
  85  12:57  Pylon  
  87  13:01  Pylon  
  87  13:04  Mothership Core  
  89  13:24  High Templar  
  89  13:25  Zealot x4  
  91  13:48  Nexus  
  91  14:17  Pylon  
  91  14:31  Photon Cannon  
  91  14:34  Photon Cannon  
  91  14:40  Photon Cannon  
  89  14:50  High Templar, Zealot x2  
  65  15:13  Stalker x3  
Tags
 
Composition
Zealot Archon
League
GoldGold
Matchup
PvZ
Opening
Pool First
Spawn Locations
Cross Positions
Add a new tag
Caveats
  • Supply blocks, unpowered buildings, or Contaminate may cause inaccurate times.
  • Supply counts are checked every 10 seconds.